 Dungeon Crawl Stone Soup version 0.31-a0-188-g5e087ee2ca (webtiles) character file.

Game seed: 737297001422165506

478 qw the Skirmisher (level 6, -2/35 HPs)
             Began as a Deep Elf Hunter on June 23, 2023.
             Slain by a gnoll
             ... wielding a +0 whip
             ... led by a gnoll bouda
              (5 damage)
             ... on level 4 of the Dungeon.
             The game lasted 00:01:05 (2960 turns).

qw the Skirmisher (Deep Elf Hunter)                 Turns: 2960, Time: 00:01:06

Health: -2/35      AC:  9    Str: 10    XL:     6   Next: 85%
Magic:  8/8        EV: 11    Int: 18    God:
Gold:   211        SH:  0    Dex: 18    Spells: 5/5 levels left

rFire   . . .        Y - +0 shortbow
rCold   . . .        (shield currently unavailable)
rNeg    . . .        e - +0 ring mail
rPois   .            h - +1 helmet
rElec   .            (no cloak)
rCorr   .            d - +0 pair of gloves
SInv    +            g - +0 pair of boots
Will    .....        (no amulet)
Stlth   ++           a - ring of Moiqirog {Fly Int+4 SInv Stlth+}
HPRegen 0.25/turn    (no ring)
MPRegen 0.11/turn

%: no passive effects
@: flying
A: no striking features
a: no special abilities


You were on level 4 of the Dungeon.
You visited 2 branches of the dungeon, and saw 5 of its levels.

You collected 211 gold pieces.


   Skills:
 - Level 2.0 Fighting
 - Level 10.4 Ranged Weapons
 - Level 1.0 Armour
 + Level 2.4 Dodging
 - Level 1.2 Stealth


You had 5 spell levels left.
You didn't know any spells.
Your spell library was empty.

Inventory:

Hand Weapons
 Y - a +0 shortbow (weapon)
Armour
 d - a +0 pair of gloves (worn)
 e - a +0 ring mail (worn)
 g - a +0 pair of boots (worn)
 h - a +1 helmet (worn)
Jewellery
 a - the ring of Moiqirog (left hand) {Fly Int+4 SInv Stlth+}
   (You acquired it on level 2 of the Dungeon)

   [ring of flight]

   Int:       It affects your intelligence (+4).
   SInv:      It lets you see invisible.
   Fly:       It grants you flight.
   Stlth:     It makes you more stealthy.
Scrolls
 f - a scroll of identify
Potions
 b - a potion of berserk rage {unknown}
 c - a potion of magic {unknown}

Dungeon Overview and Level Annotations

Branches:
Dungeon (4/15)             Temple (1/1) D:4

Altars:
Ashenzari
Fedhas
Gozag
Hepliaklqana
Kikubaaqudgha
Makhleb
Nemelex Xobeh
Okawaru
Ru
Sif Muna
Trog
Uskayaw
Wu Jian
Xom
Zin
The Shining One


Message History

The black bear claws you but does no damage.
The black bear misses you. The gnoll hits you with a +0 whip.
The gnoll barely misses you.
You shoot an arrow. The arrow hits the black bear.
You kill the black bear!
Your attacks no longer feel as feeble.
The gnoll hits you with a +0 whip. x2
Your Ranged Weapons skill increases to level 10!
You shoot an arrow. The arrow hits the gnoll bouda!
The gnoll bouda is heavily wounded.
The gnoll misses you. The gnoll hits you but does no damage.
The gnoll bouda closely misses you.
You shoot an arrow.
The arrow closely misses the gnoll bouda.
The arrow hits the gnoll but does no damage.
The gnoll hits you with a +0 whip.
The gnoll bouda hits you but does no damage.
The gnoll barely misses you.
You shoot an arrow. The arrow hits the gnoll bouda.
The gnoll bouda is severely wounded.
The gnoll barely misses you. x2
The gnoll bouda prays to its god.
The gnoll bouda is healed somewhat.
The gnoll misses you.
The gnoll bouda hits you with a +0 whip!
The gnoll barely misses you.
You shoot an arrow. The arrow hits the gnoll bouda.
The gnoll bouda is severely wounded.
The gnoll hits you with a +0 whip.
You shoot an arrow.
The arrow closely misses the gnoll bouda.
The gnoll is no longer moving quickly.
The gnoll closely misses you. The gnoll misses you.
You shoot an arrow.
The arrow completely misses the gnoll bouda.
The gnoll hits you but does no damage. The gnoll closely misses you.
The gnoll bouda closely misses you.
You shoot an arrow.
The arrow barely misses the gnoll bouda.
The gnoll hits you with a +0 whip.
You die...

#########.###.#####
#.!...........#
#####.###.....###.#
[.....# #..#### #.#
.#....# #..# #.# .#....#
#..# #.### .###..# #..#
#...# ......#
#..######g#.#### ..}...#
#..#....@gg....# ......#
#..#.#..g7g..#.# .###..#
#..#....7.7....#
.#....###......7.7.7...#
.#............7.7.7.7).#
.....####..#.7.7._.7.7.#
##..## . #..7.7.7.7...#
##.# #...7.7.7....# #.#
#... 7 7 ....#


You could see a gnoll bouda and 4 gnolls.

Vanquished Creatures
  An ogre (D:4)
  A black bear (D:4)
  A scorpion (D:4)
  2 jellies
  2 orc wizards
  A gnoll (D:4)
  3 adders
  A white imp (D:4)
  2 worms
  2 dart slugs (D:2)
  11 orcs
  7 endoplasms
  5 goblins
  3 hobgoblins
  4 kobolds
  3 quokkas
  3 ball pythons
  5 bats
  6 rats
63 creatures vanquished.

Notes
Turn   | Place    | Note
-------+----------+-------------------------------------------
     0 | D:1      | qw the Deep Elf Hunter began the quest for the Orb.
     0 | D:1      | Reached XP level 1. HP: 12/12 MP: 3/3
     0 | D:1      | 0 ||| qw: Version: 0.3-a-9-g12657ce
     0 | D:1      | 0 ||| qw: Game counter: 4345
     0 | D:1      | 0 ||| qw: Always use a shield: true
     0 | D:1      | 0 ||| qw: God list: Okawaru
     0 | D:1      | 0 ||| qw: Allow faded altars: false
     0 | D:1      | 0 ||| qw: Do Orc after D:15 true
     0 | D:1      | 0 ||| qw: Do second Lair branch before Depths: true
     0 | D:1      | 0 ||| qw: Lair rune preference: random
     0 | D:1      | 0 ||| qw: Plans: Normal
     0 | D:1      | 0 ||| PLANNING D:1-11
   107 | D:1      | Found a faded altar of an unknown god.
   146 | D:1      | Reached XP level 2. HP: 16/16 MP: 4/4
   174 | D:1      | Reached skill level 6 in Ranged Weapons
   527 | D:1      | 527 ||| UPGRADING to +0 ring mail.
   537 | D:1      | 537 ||| DROPPING +0 leather armour.
   538 | D:1      | 538 ||| UPGRADING to +0 pair of boots.
   543 | D:1      | 543 ||| READING scroll labelled YSYZAFASEO.
   544 | D:1      | 544 ||| READING 2 scrolls labelled TELUIBYUME.
   545 | D:1      | 545 ||| DROPPING scroll of butterflies.
   603 | D:2      | 603 ||| FLEEEEING.
   604 | D:2      | 604 ||| FLEEEEING.
   605 | D:2      | 605 ||| FLEEEEING.
   606 | D:2      | 606 ||| FLEEEEING.
   607 | D:2      | 607 ||| FLEEEEING.
   796 | D:2      | Reached XP level 3. HP: 20/20 MP: 5/5
   810 | D:2      | Found a broken altar of Ashenzari.
   884 | D:2      | 884 ||| Stepping ~*~*~tactically~*~*~ (outnumbered).
  1001 | D:2      | Reached skill level 7 in Ranged Weapons
  1181 | D:2      | 1181 ||| UPGRADING to +1 helmet.
  1186 | D:2      | 1186 ||| DROPPING +6 ring of intelligence.
  1187 | D:2      | 1187 ||| READING scroll labelled GUASHAUFIA.
  1187 | D:2      | Identified a scroll of acquirement
  1187 | D:2      | 1187 ||| ACQUIRING ring of Moiqirog {Fly Int+4 SInv Stlth+}
  1187 | D:2      | Acquired the ring of Moiqirog {Fly Int+4 SInv Stlth+}
  1189 | D:2      | 1189 ||| UPGRADING to ring of Moiqirog {Fly Int+4 SInv
                  | Stlth+}.
  1190 | D:2      | 1190 ||| READING 2 scrolls labelled RIUMIE CITICKI.
  1191 | D:2      | 1191 ||| DRINKING 2 cyan potions.
  1192 | D:2      | 1192 ||| READING 2 scrolls of identify.
  1192 | D:2      | 1192 ||| IDENTIFYING green potion
  1193 | D:2      | 1193 ||| DROPPING potion of invisibility.
  1194 | D:2      | 1194 ||| DROPPING scroll of noise.
  1211 | D:3      | 1211 ||| DRINKING potion of curing.
  1211 | D:3      | 1211 ||| (to cure confusion)
  1225 | D:3      | Reached XP level 4. HP: 23/25 MP: 6/6
  1662 | D:3      | Reached skill level 8 in Ranged Weapons
  2138 | D:3      | Reached XP level 5. HP: 29/29 MP: 7/7
  2183 | D:3      | 2183 ||| READING 2 scrolls labelled OSTRIUF OGIAGA.
  2184 | D:3      | 2184 ||| DROPPING scroll of vulnerability.
  2265 | D:4      | Reached skill level 9 in Ranged Weapons
  2358 | D:4      | Found a staircase to the Ecumenical Temple.
  2359 | D:4      | 2359 ||| PLANNING TEMPLE
  2359 | D:4      | 2359 ||| READING 2 scrolls of identify.
  2359 | D:4      | 2359 ||| IDENTIFYING clear potion
  2360 | D:4      | 2360 ||| DROPPING potion of lignification.
  2380 | Temple   | Entered the Ecumenical Temple
  2606 | Temple   | 2606 ||| PLANNING D:1-11
  2672 | D:4      | Reached XP level 6. HP: 35/35 MP: 8/8
  2714 | D:4      | Found a shimmering blue altar of Sif Muna.
  2752 | D:4      | Reached skill level 1 in Armour
  2923 | D:4      | Found an iron altar of Okawaru.
  2924 | D:4      | 2924 ||| PLANNING OKAWARU WORSHIP
  2924 | D:4      | 2924 ||| UPGRADING to +0 pair of gloves.
  2933 | D:4      | 2933 ||| Stepping ~*~*~tactically~*~*~ (outnumbered).
  2935 | D:4      | 2935 ||| Stepping ~*~*~tactically~*~*~ (outnumbered).
  2939 | D:4      | 2939 ||| Stepping ~*~*~tactically~*~*~ (outnumbered).
  2942 | D:4      | 2942 ||| FLEEEEING.
  2943 | D:4      | 2943 ||| FLEEEEING.
  2944 | D:4      | 2944 ||| FLEEEEING.
  2954 | D:4      | Reached skill level 10 in Ranged Weapons
  2956 | D:4      | HP: 5/35 [gnoll bouda/+0 whip (7)]
  2957 | D:4      | HP: 2/35 [gnoll/+0 whip[a gnoll bouda] (3)]
  2960 | D:4      | Slain by a gnoll

Levels and vault maps discovered:
D:1:      zaba_arrival_water, layout_loops_ring,
          hellmonk_ecumenical_altar_lost_god
D:2:      layout_rooms, basic_altar, hangedman_decor_growths,
          minmay_pentomino_r4
D:3:      layout_loops_corners
D:4:      layout_loops_ring, kennysheep_orc_sif_temple, okawaru_trees_2,
          minmay_temple_entry_junction_2, minmay_snake_closets, uniq_edmund
Temple:   eino_temple_water

Skill      XL: |  1  2  3  4  5  6 |
---------------+-------------------+-----
Ranged Weapons | 6 7 8 9 10 | 10.4
Fighting       | 2 |  2.0
Armour         | 1 |  1.0
Dodging        | |  2.4
Stealth        | |  1.2

Action                     |  1- 3 |  4- 6 || total
---------------------------+-------+-------++-------
   Fire: Shortbow          |    81 |   136 ||   217
    Use: Scroll            |     5 |     2 ||     7
         Potion            |     2 |       ||     2
 Armour: Leather armour    |     1 |       ||     1
         Ring mail         |    17 |    36 ||    53
  Dodge: Dodged            |    23 |    59 ||    82

Table legend:
 A = Non-vault XP
 B = Vault XP
 C = Vault XP percentage of total XP
 D = Non-vault monster count
 E = Vault monster count
 F = Vault count percentage of total count
                 A         B        C        D         E       F
            +---------+---------+-------+---------+---------+-------
      Total |     626 |      57 |   8.3 |      58 |       5 |   7.9
            +---------+---------+-------+---------+---------+-------
        D:1 |      24 |       0 |   0.0 |      14 |       0 |   0.0
        D:2 |      24 |      19 |  44.2 |      11 |       3 |  21.4
        D:3 |     166 |       0 |   0.0 |      25 |       0 |   0.0
        D:4 |     412 |      38 |   8.4 |       8 |       2 |  20.0
            +---------+---------+-------+---------+---------+-------
